 Dungeon Crawl Stone Soup version 0.24-a0-243-g8f5f5cd (webtiles) character file.

Game seed: 14477264273770773616

44 MatthieuS the Changer (level 3, 0/26 HPs)
             Began as a Merfolk Transmuter on Apr 9, 2019.
             Succumbed to an adder's poison
             ... on level 2 of the Dungeon.
             The game lasted 00:02:51 (1788 turns).

MatthieuS the Changer (Merfolk Transmuter)          Turns: 1788, Time: 00:02:52

Health: 0/26       AC:  2    Str: 10    XL:     3   Next: 60%
Magic:  7/7        EV: 13    Int: 13    God:
Gold:   39         SH:  0    Dex: 14    Spells: 4/7 levels left

rFire    . . .     SeeInvis .     - Unarmed
rCold    . . .     Gourm    .   (no shield)
rNeg     . . .     Faith    .   b - +0 robe
rPois    .         Spirit   .   (no helmet)
rElec    .         Reflect  .   (no cloak)
rCorr    .         Harm     .   (no gloves)
MR       .....                  (no boots)
Stlth    ++........             (no amulet)
HPRegen  0.08/turn              (no ring)
MPRegen  0.10/turn              (no ring)

@: lethally poisoned (0 -> -2)
A: change form in water, swift swim, stealthy swim
a: no special abilities


You were on level 2 of the Dungeon.
You were not hungry.

You visited 1 branch of the dungeon, and saw 2 of its levels.

You collected 39 gold pieces.

Inventory:

Missiles
 a - 11 arrows
Armour
 b - a +0 robe (worn)
Wands
 c - a wand of polymorph (8)
   (You found it on level 2 of the Dungeon)
Scrolls
 f - a scroll of amnesia
 g - 3 scrolls of remove curse {@r2}
Comestibles
 d - a chunk of flesh
 e - 4 rations


   Skills:
 - Level 1.1 Fighting
 - Level 2.6 Dodging
 + Level 1.6 Stealth
 - Level 3.2 Unarmed Combat
 * Level 2.9 Spellcasting
 + Level 3.4 Transmutations


You had 4 spell levels left.
You knew the following spells:

 Your Spells              Type           Power        Failure   Level  Hunger
a - Beastly Appendage     Tmut           ##....       6%          1    #......
b - Sticks to Snakes      Tmut           ##......     9%          2    ###....

Your spell library contained the following spells:

 Spells                   Type           Power        Failure   Level  Hunger
 Spider Form              Tmut/Pois      #.........   34%         3    ###....
 Ice Form                 Ice/Tmut       #.......     75%         4    #####..
 Blade Hands              Tmut           ##........   85%         5    ######.


Dungeon Overview and Level Annotations

Branches:
Dungeon (2/15)

Altars:


Message History

You kill the worm!
No target in view!
No target in view!
A bat and an adder come into view.
You see here a wand of polymorph (8).
c - a wand of polymorph (8)
The bat hits you.
You hit the bat. The bat barely misses you.
The adder bites you but does no damage. The adder closely misses you.
You barely miss the bat.
Your horns disappear.
The bat hits you. The adder bites you.
You miss the adder. The adder barely misses you.
You hit the bat.
You kill the bat!
The adder bites you.
You miss the adder.
The adder bites you but does no damage. x2
You grow a pair of large bovine horns.
The adder misses you. The adder bites you.
You closely miss the adder. Your headbutt misses the adder.
The adder misses you.
You hit the adder. The adder bites you.
* * * LOW HITPOINT WARNING * * *
You are poisoned.
The adder poisons you!
You closely miss the adder.
You feel sick. The adder bites you.
* * * LOW HITPOINT WARNING * * *
The adder closely misses you.
You miss the adder. The adder closely misses you.
You hit the adder but do no damage. The adder barely misses you.
You miss the adder.
Your transformation is almost over.
The adder bites you.
* * * LOW HITPOINT WARNING * * *
You hit the adder.
You feel sick. The adder bites you.
* * * LOW HITPOINT WARNING * * *
You aren't carrying any potions.
Okay, then.
You hit the adder but do no damage. The adder misses you. x2
You hit the adder.
You kill the adder!
You see here a bat corpse.
You butcher the bat corpse.
* * * LOW HITPOINT WARNING * * *
You feel sick.
Things that are here:
a chunk of flesh; a bat skeleton None of your equipped items are cursed.
Your horns disappear.
You die...

#.#####...###.# #.# #####
#.# #.# #.# #'##
#######.## ...##
#......>.#
....###.#####..# .....##
##.#..# # ......#
##.....#####.###..
......+.........@%........
......#........#####......
.....######.#.## ###..
....## ###.# ...## #.#
#+## #(# #.


There were no monsters in sight!

Vanquished Creatures
  An adder (D:2)
  A worm (D:2)
  2 leopard geckos (D:1)
  2 giant cockroaches (D:1)
  5 goblins (D:1)
  3 hobgoblins
  A jackal (D:1)
  A quokka (D:2)
  8 bats
  A frilled lizard (D:2)
  2 rats (D:1)
27 creatures vanquished.

Notes
Turn   | Place    | Note
-------+----------+-------------------------------------------
     0 | D:1      | MatthieuS the Merfolk Transmuter began the quest for the
                  | Orb.
     0 | D:1      | Reached XP level 1. HP: 15/15 MP: 3/3
   364 | D:1      | Reached XP level 2. HP: 21/21 MP: 3/5
   448 | D:1      | Reached skill level 1 in Stealth
  1030 | D:1      | Learned a level 2 spell: Sticks to Snakes
  1312 | D:1      | Reached XP level 3. HP: 23/26 MP: 6/6
  1784 | D:2      | HP: 1/26 [poisoned by an adder]
  1788 | D:2      | Succumbed to an adder's poison

Levels and vault maps discovered:
D:1:      minmay_arrival_glassed_features, layout_basic, minmay_pentomino_x4
D:2:      layout_loops_corners, fedhas_altar_fruit_tree

Skill      XL: |  1  2 |
---------------+-------+-----
Transmutations | 3 |  3.4
Stealth        | 1 |  1.6
Fighting       | |  1.1
Dodging        | |  2.6
Unarmed Combat | |  3.2
Spellcasting   | |  2.9

Action                   || total
-------------------------++-------
Melee: Unarmed           ||   103
       Headbutt          ||     9
 Cast: Beastly Appendage ||    17
       Sticks to Snakes  ||     1
  Use: Scroll            ||     2
 Stab: Sleeping          ||     1
  Eat: Chunk             ||     3
Armor: Robe              ||    31
Dodge: Dodged            ||    82

Table legend:
 A = Non-vault XP
 B = Vault XP
 C = Vault XP percentage of total XP
 D = Non-vault monster count
 E = Vault monster count
 F = Vault count percentage of total count
                 A         B        C        D         E       F
            +---------+---------+-------+---------+---------+-------
      Total |      59 |       4 |   6.3 |      25 |       2 |   7.4
            +---------+---------+-------+---------+---------+-------
        D:1 |      34 |       4 |  10.5 |      19 |       2 |   9.5
        D:2 |      25 |       0 |   0.0 |       6 |       0 |   0.0
            +---------+---------+-------+---------+---------+-------
